 Dungeon Crawl Stone Soup version 0.18-a0-337-g1235303 (webtiles) character file.

18 FishmanTm the Insei (level 2, -4/21 HPs)
             Began as a Merfolk Transmuter on Nov 29, 2015.
             Slain by an adder (5 damage)
             ... on level 2 of the Dungeon.
             The game lasted 00:01:36 (971 turns).

FishmanTm the Insei (Merfolk Transmuter)             Turns: 971, Time: 00:01:37

Health: -4/21      AC:  2    Str: 10    XL:     2   Next: 66%
Magic:  0/5        EV: 18    Int: 12    God:
Gold:   30         SH:  0    Dex: 19    Spells: 2 memorised, 2 levels left

rFire  . . .     SeeInvis .       - Unarmed
rCold  . . .     Clarity  .     b - +0 robe
rNeg   . . .     SustAt   .     (no shield)
rPois  .         Gourm    .     (no helmet)
rElec  .         Spirit   .     (no cloak)
rCorr  .         Warding  .     (no gloves)
rMut   .         Stasis   .     (no boots)
MR     .....                    (no amulet)
Stlth  +++.......               (no ring)
                                (no ring)

@: agile, lethally poisoned (-4 -> -10), appendage (expiring), very slightly
contaminated, hasted, very quick, not resistant to hostile enchantments, fairly
stealthy
A: change form in water, swift swim, horns 2
a: End Transformation


You were on level 2 of the Dungeon.
You were hungry.
You had grown temporary horns.
You visited 1 branch of the dungeon, and saw 2 of its levels.

You collected 30 gold pieces.

Inventory:

Missiles
 a - 11 arrows
Armour
 b - a +0 robe (worn)
Jewellery
 h - an uncursed amulet of clarity {unknown}
 k - a +3 ring of dexterity {unknown}
Potions
 e - 2 potions of agility
 i - a potion of degeneration {unknown}
 j - a potion of brilliance {unknown}
 l - a potion of mutation {unknown}
Books
 c - a book of Changes

   Spells                             Type                      Level
   a - Beastly Appendage              Transmutation                1
   b - Sticks to Snakes               Transmutation                2
   c - Spider Form                    Transmutation/Poison         3
   d - Ice Form                       Ice/Transmutation            4
   e - Blade Hands                    Transmutation                5
Comestibles
 d - 2 bread rations
 f - a beef jerky


   Skills:
 - Level 1.1 Fighting
 - Level 2.6 Dodging
 + Level 4.2 Unarmed Combat
 - Level 2.0 Spellcasting
 - Level 2.6 Transmutations


You had 2 spell levels left.
You knew the following spells:

 Your Spells              Type           Power        Failure   Level  Hunger
a - Beastly Appendage     Trmt           #.....       12%         1    ##.....
b - Sticks to Snakes      Trmt           #.......     14%         2    ###....


Dungeon Overview and Level Annotations

Branches:
Dungeon (2/15)

Altars:
Qazlal


Innate Abilities, Weirdness & Mutations

You revert to your normal form in water.
You are very nimble and swift while swimming.
You have a pair of horns on your head.


Message History

* * * LOW HITPOINT WARNING * * *
You are lethally poisoned!
The adder poisons you! The giant gecko bites you.
* * * LOW HITPOINT WARNING * * *
Unknown command.
Drink which item? (? for menu, Esc to quit)
It was a potion of agility.
You feel agile all of a sudden.
Your ball python bites the giant gecko.
Your ball python constricts the giant gecko.
The giant gecko dies!
The adder barely misses you.
Unknown command.
Unknown command.
Unknown command.
Drink which item? (? for menu, Esc to quit)
It was a potion of haste.
You feel yourself speed up.
* * * LOW HITPOINT WARNING * * *
You feel sick. The adder bites you.
You die...

.....#.######......[.. ...
#...###..................
#..#.#.######..^#.####.###
#..#...# ##....##.....#
#(.#.#.# #.##.#[......
.....#.# #.##.#.......
#......# ##+##..(.._...
##.###### ##...#.#.......
##.##...# #...S@S#.......
......[.# #$...$..##.....#
##......##........# ##.###
#................. ...
#.................# .<.
#................## ..
####...####.....## ...#
##...## ..#


You could see an adder and a friendly ball python.

Vanquished Creatures
  An ooze (D:1)
  A giant gecko (D:1)
  2 bats (D:1)
  A giant cockroach (D:1)
  A hobgoblin (D:1)
  A ball python (D:1)
  2 goblins (D:1)
  A kobold (D:1)
  A rat (D:1)
11 creatures vanquished.

Vanquished Creatures (collateral kills)
  A giant gecko (D:2)
1 creature vanquished.

Grand Total: 12 creatures vanquished

Notes
Turn   | Place    | Note
--------------------------------------------------------------
     0 | D:1      | FishmanTm the Merfolk Transmuter began the quest for the Orb.
     0 | D:1      | Reached XP level 1. HP: 15/15 MP: 3/3
   342 | D:1      | Reached XP level 2. HP: 11/21 MP: 3/5
   346 | D:1      | Learned a level 2 spell: Sticks to Snakes
   571 | D:1      | Reached skill level 4 in Unarmed Combat
   959 | D:2      | Found a stormy altar of Qazlal.
   971 | D:2      | HP: 1/21 [poisoned by an adder]
   971 | D:2      | Slain by an adder

Vault maps used:
D:1:      dpeg_arrival_pond
D:2:      lemuel_zombie_altar_yredelemnul, old_standard_altar,
          lemuel_doored_altar

Action                   || total
-------------------------++-------
Melee: Unarmed           ||    35
 Cast: Beastly Appendage ||    11
       Sticks to Snakes  ||     1
  Use: Potion            ||     2
